Map: [ESL] Tropical Sacrifice

Players

Scarlett - Winner!

  • Race: Zerg Zerg
  • Spawn Location: 1:00

PtitDrogo

  • Race: Protoss Protoss
  • Spawn Location: 7:00

Event: DreamHack SC2 Masters 2022 Atlanta (Offline)

VOD

Have the link to the VOD?

Description

Time

  • Played on: Nov. 18, 2022, 1:10 p.m.
  • Length: 8:09

All games in this series

Show
View Real Time Build Order
Export as new Build Order

Scarlett Zerg - Winner!

Build Orders: Hatch First 

Get SALT Encoding   

  12  0:00  Drone  
  13  0:12  Overlord  
  13  0:17  Drone  
  14  0:30  Drone x2  
  16  0:48  Hatchery  
  15  0:52  Drone  
  17  0:57  Drone  
  17  0:59  Drone  
  18  1:11  Extractor  
  17  1:15  Spawning Pool  
  17  1:18  Drone  
  17  1:21  Drone  
  18  1:28  Drone  
  19  1:39  Drone  
  20  1:49  Drone  
  21  2:01  Queen  
  21  2:02  Zergling x2, Queen, Overlord  
  26  2:11  Drone x2  
  26  2:13  Metabolic Boost  
  29  2:22  Drone  
  29  2:23  Drone  
  30  2:32  Drone  
  30  2:33  Drone  
  32  2:40  Hatchery  
  31  2:46  Queen  
  31  2:50  Overlord  
  33  2:57  Drone x3  
  35  3:11  Drone x5  
  35  3:12  Queen  
  42  3:18  Overlord  
  42  3:20  Drone  
  42  3:25  Spore Crawler, Queen  
  44  3:33  Overlord  
  44  3:38  Zergling x4  
  44  3:40  Drone  
  47  3:42  Drone  
  47  3:43  Drone  
  47  3:48  Drone  
  50  3:52  Queen  
  50  3:55  Queen  
  54  3:57  Drone x4  
  58  4:03  Queen  
  58  4:06  Drone, Overlord  
  61  4:12  Spore Crawler  
  60  4:19  Drone  
  60  4:20  Drone x5  
  65  4:24  Overlord  
  65  4:27  Drone x3  
  68  4:32  Roach Warren, Extractor  
  68  4:33  Drone x2  
  68  4:38  Lair, Drone  
  68  4:41  Extractor  
  68  4:43  Drone  
  68  4:44  Drone x2  
  71  4:48  Extractor  
  71  4:50  Drone  
  71  4:51  Drone x4  
  75  4:54  Spore Crawler  
  75  4:55  Drone, Overlord  
  75  4:58  Overlord  
  75  5:05  Overlord x2  
  75  5:07  Pneumatized Carapace  
  73  5:17  Roach  
  73  5:18  Roach x4  
  83  5:23  Roach x2  
  83  5:27  Overlord  
  83  5:28  Zergling x14  
  94  5:31  Roach  
  94  5:34  Roach  
  98  5:43  Zergling x4, Roach  
  102  5:53  Zergling x12, Roach  
  110  6:00  Zergling x8  
  114  6:04  Overlord  
  114  6:05  Overlord  
  114  6:07  Glial Reconstitution  
  114  6:13  Overlord  
  108  6:22  Queen x3  
  113  6:26  Zergling x18  
  113  6:30  Ravager  
  113  6:31  Ravager  
  122  6:33  Zergling x2  
  122  6:41  Zergling x6  
  122  6:44  Ravager x3  
  127  6:49  Zergling x8  
  127  6:51  Zergling x2  
  129  6:54  Hatchery  
  129  6:58  Queen x2  
  129  7:03  Ravager  
  129  7:04  Ravager  
  126  7:14  Zergling x20  
  124  7:17  Zergling x2, Queen  
  124  7:22  Zergling x8  
  120  7:26  Zergling x2  
  117  7:36  Zergling x4  
  119  7:42  Zergling x8, Hatchery, Evolution Chamber  
  116  7:48  Zergling x6  
Show
View Real Time Build Order
Export as new Build Order

PtitDrogo Protoss 

Build Orders: 1 Gate Expand, Oracle Opening 

Get SALT Encoding   

  12  0:00  Probe  
  13  0:12  Probe  
  14  0:20  Pylon  
  14  0:24  Probe  
  15  0:29  Assimilator  
  15  0:38  Probe (Chrono Boost)  
  16  0:45  Gateway  
  16  0:49  Probe (Chrono Boost)  
  17  0:54  Probe (Chrono Boost)  
  18  1:04  Probe  
  19  1:16  Probe  
  20  1:25  Nexus  
  20  1:34  Cybernetics Core  
  20  1:38  Probe  
  21  1:42  Assimilator  
  21  1:50  Probe  
  22  1:54  Pylon  
  22  2:02  Probe  
  23  2:13  Stargate  
  23  2:14  Probe  
  23  2:15  Stalker (Chrono Boost)  
  26  2:24  Warp Gate  
  26  2:26  Probe (Chrono Boost)  
  27  2:37  Probe (Chrono Boost)  
  27  2:38  Adept  
  31  2:44  Probe (Chrono Boost)  
  31  2:47  Probe (Chrono Boost)  
  33  2:51  Probe (Chrono Boost)  
  33  2:52  Probe (Chrono Boost)  
  33  2:57  Oracle (Chrono Boost)  
  34  3:02  Probe  
  34  3:05  Pylon  
  38  3:09  Probe  
  39  3:15  Probe  
  39  3:17  Gateway  
  40  3:21  Probe  
  40  3:24  Oracle (Chrono Boost)  
  44  3:27  Probe  
  44  3:33  Probe  
  46  3:39  Probe  
  47  3:45  Probe  
  48  3:50  Nexus  
  48  3:52  Probe  
  48  3:53  Pylon  
  49  3:57  Probe (Chrono Boost)  
  49  4:02  Oracle  
  53  4:06  Assimilator  
  53  4:09  Probe (Chrono Boost), Assimilator  
  54  4:13  Probe (Chrono Boost), Pylon  
  56  4:17  Probe (Chrono Boost)  
  56  4:18  Probe (Chrono Boost)  
  56  4:22  Twilight Council  
  57  4:25  Forge  
  57  4:28  Probe (Chrono Boost)  
  59  4:37  Probe (Chrono Boost)  
  60  4:39  Probe (Chrono Boost)  
  60  4:44  Probe x2 (Chrono Boost), Stalker x2  
  66  4:49  Gateway  
  66  4:55  Probe (Chrono Boost)  
  66  4:56  Pylon  
  68  5:00  Probe (Chrono Boost)  
  68  5:03  Probe (Chrono Boost)  
  68  5:05  Probe (Chrono Boost)  
  71  5:07  Probe (Chrono Boost)  
  71  5:12  Blink (Chrono Boost)  
  71  5:17  Probe, Stalker x2  
  71  5:18  Protoss Ground Weapons Level 1 (Chrono Boost)  
  76  5:23  Shield Battery, Probe  
  76  5:24  Probe  
  78  5:28  Pylon  
  78  5:29  Probe  
  78  5:35  Probe  
  80  5:36  Probe  
  80  5:41  Probe  
  80  5:42  Stalker x3  
  86  5:47  Probe  
  86  5:48  Probe, Assimilator  
  90  5:50  Assimilator  
  90  5:53  Probe  
  91  5:59  Probe  
  91  6:01  Probe  
  91  6:04  Gateway  
  93  6:05  Probe  
  93  6:06  Gateway, Stalker x2  
  93  6:08  Gateway  
  93  6:09  Stalker  
  92  6:26  Shield Battery  
  92  6:29  Stalker x2  
  96  6:33  Shield Battery x2  
  96  6:38  Gateway, Pylon  
  96  6:40  Gateway  
  96  6:41  Pylon  
  96  6:42  Pylon  
  96  6:44  Shield Battery  
  92  6:50  Stalker  
  94  6:55  Stalker x2  
  94  6:58  Gateway  
  97  7:03  Stalker x3  
  99  7:13  Stalker  
  99  7:14  Probe  
  102  7:19  Stalker  
  102  7:20  Void Ray, Stalker  
  102  7:21  Probe x2  
  95  7:28  Stalker x3  
  87  7:37  Probe x2  
  87  7:38  Stalker  
  83  7:45  Stalker  
  83  7:46  Stalker x2  
  83  7:50  Stalker  
  83  7:51  Stalker  
  79  7:55  Probe  
  79  7:58  Pylon  
  70  8:03  Stalker  
Tags
 
Add a new tag
Caveats
  • Supply blocks, unpowered buildings, or Contaminate may cause inaccurate times.
  • Supply counts are checked every 10 seconds.